 Dungeon Crawl Stone Soup version 0.29.0-4-gdea44cf6ec (webtiles) character file.

Game seed: 2288946605047141987

14 qw the Chopper (level 2, -2/17 HPs)
             Began as a Tengu Warper on Aug 28, 2022.
             Slain by a jackal (3 damage)
             ... on level 1 of the Dungeon.
             The game lasted 00:00:01 (165 turns).

qw the Chopper (Tengu Warper)                        Turns: 165, Time: 00:00:01

Health: -2/17      AC:  3    Str: 11    XL:     2   Next: 41%
Magic:  6/6        EV:  8    Int: 13    God:
Gold:   4          SH:  0    Dex: 13    Spells: 5/5 levels left

rFire   . . .      SeeInvis .   a - +0 hand axe
rCold   . . .      Faith    .   (no shield)
rNeg    . . .      Spirit   .   b - +0 leather armour
rPois   .          Reflect  .   (helmet restricted)
rElec   .          Harm     .   (no cloak)
rCorr   .          Rampage  .   (no gloves)
Will    .....                   (boots unavailable)
Stlth   +.........              (no amulet)
HPRegen 0.05/turn               (no ring)
MPRegen 0.10/turn               (no ring)

@: constricted
A: beak, talons 3
a: no special abilities


You were on level 1 of the Dungeon.
You visited 1 branch of the dungeon, and saw 1 of its levels.

You collected 4 gold pieces.


Innate Abilities, Weirdness & Mutations

You have a beak for a mouth.
You have claws for feet.


   Skills:
 - Level 2.0 Fighting
 + Level 3.3 Axes
 - Level 1.0 Throwing
 - Level 1.1 Armour
 - Level 2.1 Dodging
 - Level 2.0 Spellcasting
 - Level 2.4 Translocations


You had 5 spell levels left.
You didn't know any spells.
Your spell library contained the following spells:

 Spells                   Type           Power      Damage    Failure   Level
 Blink                    Tloc           14%        N/A       19%         2
 Gell's Gravitas          Tloc           7%         N/A       36%         3
 Lesser Beckoning         Tloc           7%         N/A       36%         3
 Teleport Other           Tloc           7%         N/A       36%         3
 Manifold Assault         Tloc           7%         N/A       98%         5

Inventory:

Hand Weapons
 a - a +0 hand axe (weapon)
 g - a +0 club
Missiles
 d - 7 boomerangs of dispersal
 e - 4 javelins (quivered)
Armour
 b - a +0 leather armour (worn)
Scrolls
 c - a scroll of blinking
 f - a scroll of silence {unknown}

Dungeon Overview and Level Annotations

Branches:
Dungeon (1/15)

Altars:


Message History

You hit the rat. The rat barely misses you. The jackal misses you.
You hit the jackal.
You kill the jackal!
You hit the rat but do no damage. The rat barely misses you.
The hobgoblin closely misses you. The rat bites you.
You hit the hobgoblin. You claw the hobgoblin.
The hobgoblin is heavily wounded.
You closely miss the rat.
The hobgoblin hits you but does no damage.
The rat bites you but does no damage.
You hit the hobgoblin.
The hobgoblin is almost dead.
You hit the rat but do no damage. The hobgoblin barely misses you.
The rat bites you.
You barely miss the hobgoblin. Your kick misses the hobgoblin.
You peck the hobgoblin.
You kill the hobgoblin!
You hit the rat. The rat barely misses you. The ball python misses you.
The ball python closely misses you.
You hit the rat but do no damage. You peck the rat.
You kill the rat!
You closely miss the ball python. The ball python barely misses you.
The ball python completely misses you. The jackal barely misses you.
You hit the jackal but do no damage. You punch the jackal, but do no damage.
You barely miss the ball python. The ball python completely misses you.
The ball python closely misses you. The jackal closely misses you.
You barely miss the jackal. Your kick misses the jackal.
You closely miss the ball python. The ball python closely misses you.
The ball python grabs you. The ball python constricts you.
The jackal barely misses you. The ball python barely misses you.
The ball python constricts you. The jackal bites you.
You closely miss the ball python. Your kick misses the ball python.
You hit the jackal. The jackal bites you.
You die...

.# . ##.# . .# ...#
.#h.. #..##.#..
#....(.##. #h..#.....
#hS......# #@#....#.#
##.%......# #.#.
#.####....##..## #. .#
#......##...... #....
######.......## #..
.##
#............#.##....#
#........).........#.#
#...########.. #.....
#...# ########.#


You could see 2 jackals and a ball python.

Vanquished Creatures
  A hobgoblin (D:1)
  5 jackals (D:1)
  A quokka (D:1)
  2 ball pythons (D:1)
  A bat (D:1)
  A kobold (D:1)
  A rat (D:1)
12 creatures vanquished.

Vanquished Creatures (others)
  A plant (D:1)
1 creature vanquished.

Grand Total: 13 creatures vanquished

Notes
Turn   | Place    | Note
-------+----------+-------------------------------------------
     0 | D:1      | qw the Tengu Warper began the quest for the Orb.
     0 | D:1      | Reached XP level 1. HP: 12/12 MP: 4/4
     0 | D:1      | 0 ||| qw: Version: 0.1-a-89-g26bdef1
     0 | D:1      | 0 ||| qw: Game counter: 715
     0 | D:1      | 0 ||| qw: Always use a shield: true
     0 | D:1      | 0 ||| qw: God list: Okawaru
     0 | D:1      | 0 ||| qw: Allow faded altars: false
     0 | D:1      | 0 ||| qw: Do Orc after D:15 true
     0 | D:1      | 0 ||| qw: Do second Lair branch before Depths: true
     0 | D:1      | 0 ||| qw: Lair rune preference: random
     0 | D:1      | 0 ||| qw: Plans: Normal
     0 | D:1      | 0 ||| PLANNING D:1-11
   142 | D:1      | 142 ||| Stepping ~*~*~tactically~*~*~ (stealth).
   146 | D:1      | 146 ||| Stepping ~*~*~tactically~*~*~ (stealth).
   153 | D:1      | Reached skill level 3 in Axes
   153 | D:1      | Reached XP level 2. HP: 8/17 MP: 6/6
   164 | D:1      | HP: 4/17 [constriction (1)]
   164 | D:1      | HP: 1/17 [jackal (3)]
   165 | D:1      | Slain by a jackal

Levels and vault maps discovered:
D:1:      wander_arrival_fairy_ring, layout_basic,
          shapermc_ecumenical_altar_petra

Skill      XL: |  1 |
---------------+----+-----
Axes           | 3 |  3.3
Fighting       | |  2.0
Throwing       | |  1.0
Armour         | |  1.1
Dodging        | |  2.1
Spellcasting   | |  2.0
Translocations | |  2.4

Action                   || total
-------------------------++-------
Melee: Hand axe          ||    25
       Kick              ||     6
       Peck              ||     3
       Punch             ||     1
Throw: Javelin           ||     6
Armor: Leather armour    ||     7
Dodge: Dodged            ||    33

Table legend:
 A = Non-vault XP
 B = Vault XP
 C = Vault XP percentage of total XP
 D = Non-vault monster count
 E = Vault monster count
 F = Vault count percentage of total count
                 A         B        C        D         E       F
            +---------+---------+-------+---------+---------+-------
      Total |      20 |       0 |   0.0 |      12 |       0 |   0.0
            +---------+---------+-------+---------+---------+-------
        D:1 |      20 |       0 |   0.0 |      12 |       0 |   0.0
            +---------+---------+-------+---------+---------+-------
